 Dungeon Crawl Stone Soup version 0.27.0-1-g7a089689b8 (webtiles) character file.

Game seed: 8124851994093415388

1493 dtburroughs the Skirmisher (level 8, -1/52 HPs)
             Began as a Gargoyle Berserker on July 31, 2021.
             Was a Priest of Trog.
             Slain by a vampire mosquito (2 damage)
             ... on level 6 of the Dungeon.
             The game lasted 00:08:51 (5501 turns).

dtburroughs the Skirmisher (Gargoyle Berserker)     Turns: 5501, Time: 00:08:52

Health: -1/52      AC: 18    Str: 22    XL:     8   Next: 80%
Magic:  0/8        EV:  7    Int:  8    God:    Trog [***...]
Gold:   236        SH:  0    Dex: 10    Spells: 7/7 levels left

rFire    . . .     SeeInvis +   m - +0 morningstar
rCold    . . .     Faith    .   (no shield)
rNeg     + . .     Spirit   +   w - +0 plate armour
rPois    ∞         Reflect  .   (no helmet)
rElec    +         Harm     .   (no cloak)
rCorr    .         Rampage  .   i - +0 pair of gloves
Will     .....                  (no boots)
Stlth    ..........             q - amulet of guardian spirit
HPRegen  0.17/turn              g - ring of see invisible
MPRegen  0.11/turn              p - ring of flight

@: on berserk cooldown, flying, slowed, very slow
A: sickness immunity, AC +5, negative energy resistance 1, electricity
resistance, torment resistance 1, petrification resistance
a: Renounce Religion, Berserk, Trog's Hand


You were on level 6 of the Dungeon.
You worshipped Trog.
Trog was most pleased with you.
You visited 1 branch of the dungeon, and saw 6 of its levels.
You also visited: Sewer.

You collected 236 gold pieces.

Inventory:

Hand Weapons
 m - a +0 morningstar (weapon)
Armour
 i - a +0 pair of gloves (worn)
 w - a +0 plate armour (worn)
Jewellery
 g - a ring of see invisible (left hand)
 l - an amulet of the acrobat
 p - a ring of flight (right hand)
 q - an amulet of guardian spirit (around neck)
Wands
 k - a wand of paralysis (16)
 u - a wand of mindburst (14)
Scrolls
 a - a scroll of brand weapon {unknown}
 b - a scroll of blinking {unknown}
 c - a scroll of silence {unknown}
 d - 4 scrolls of identify {unknown}
 f - a scroll of torment {unknown}
 h - 4 scrolls of teleportation {unknown}
 j - a scroll of amnesia {unknown}
 s - a scroll of enchant armour {unknown}
 t - a scroll of summoning {unknown}
 v - a scroll of vulnerability {unknown}
Potions
 e - 3 potions of curing
 n - 2 potions of mutation {unknown}
 o - 2 potions of heal wounds {unknown}
 r - a potion of invisibility {unknown}


   Skills:
 * Level 6.5 Fighting
 + Level 2.7(4.3) Axes
 * Level 5.8(6.1) Maces & Flails
 + Level 4.5 Armour
 * Level 4.4 Dodging
 + Level 2.7 Evocations


You had 7 spell levels left.
You didn't know any spells.
Your spell library was empty.

Dungeon Overview and Level Annotations

Branches:
Dungeon (6/15)             Temple (0/1) D:5           Sewer (visited)

Altars:
Cheibriados
Hepliaklqana
Nemelex Xobeh
Qazlal
Uskayaw
Wu Jian

Annotations:
D:3 1 transporter


Innate Abilities, Weirdness & Mutations

You are immune to sickness and miasma.
Your stone body is resilient. (AC +5)
You are immune to poison.
You resist negative energy. (rN+)
You are resistant to electric shocks. (rElec)
You are resistant to unholy torment.
You are immune to petrification.


Message History

The vampire mosquito closely misses you.
You sock the vampire mosquito!
The vampire mosquito is severely damaged.
The vampire mosquito bites you.
* * * LOW HITPOINT WARNING * * *
The vampire mosquito barely misses you.
You bludgeon the vampire mosquito!!
You destroy the vampire mosquito!
Trog accepts your kill.
The vampire mosquito bites you but does no damage.
You miss the vampire mosquito.
The vampire mosquito bites you but does no damage. x2
You sock the vampire mosquito!
The vampire mosquito is moderately damaged.
The vampire mosquito barely misses you. The vampire mosquito bites you.
* * * LOW HITPOINT WARNING * * *
You miss the vampire mosquito.
The vampire mosquito is moderately damaged.
You are no longer berserk.
You are exhausted.
You feel yourself slow down.
The vampire mosquito bites you but does no damage.
You puncture the vampire mosquito!
The vampire mosquito is almost destroyed.
The vampire mosquito barely misses you.
The vampire mosquito bites you but does no damage. x3
You miss the vampire mosquito.
The vampire mosquito is almost destroyed.
The vampire mosquito bites you.
* * * LOW HITPOINT WARNING * * *
The vampire mosquito bites you but does no damage.
The vampire mosquito bites you.
* * * LOW HITPOINT WARNING * * *
The vampire mosquito barely misses you.
The vampire mosquito bites you but does no damage.
The vampire mosquito barely misses you.
The vampire mosquito bites you but does no damage.
The vampire mosquito bites you but does no damage.
The vampire mosquito bites you.
You die...

#....o#
#####.# #.#
######y#
#....o.# #
#)####### #
#.#.....####
#
#.oy.......#
#
###y@...##.#
##
#.....##.#
..
#.....##.#
#####
#.....##.#
.....
########.#
######## #.#
........
#.##########
#...........
############


You could see 2 vampire mosquitoes and an orc priest.

Vanquished Creatures
  2 vampire mosquitoes (D:6)
  A water moccasin (Sewer)
  An orc warrior (D:6)
  An ogre (D:6)
  2 black bears (D:5)
  A necrophage (D:5)
  A phantom (D:4)
  2 scorpions (D:5)
  A wyvern skeleton (D:6)
  A jelly (D:4)
  5 orc priests (D:5)
  An iguana (D:4)
  An orc wizard (D:5)
  A howler monkey zombie (D:5)
  4 gnolls (D:5)
  7 adders
  A shadow imp (D:5)
  An ufetubus (D:5)
  2 worms
  8 orcs
  7 ball pythons
  7 bats
  5 endoplasms
  5 giant cockroaches
  6 goblins
  4 hobgoblins
  10 jackals
  4 quokkas
  2 frilled lizards (D:1)
  11 kobolds
  2 rats (D:2)
107 creatures vanquished.

Notes
Turn   | Place    | Note
-------+----------+-------------------------------------------
     0 | D:1      | dtburroughs the Gargoyle Berserker began the quest for the
                  | Orb.
     0 | D:1      | Reached XP level 1. HP: 14/14 MP: 1/1
   369 | D:1      | Reached XP level 2. HP: 19/19 MP: 2/2
  1389 | D:2      | Reached XP level 3. HP: 23/23 MP: 3/3
  1640 | D:2      | Reached ** piety under Trog
  1748 | D:2      | Reached XP level 4. HP: 28/29 MP: 4/4
  1794 | D:2      | Reached skill level 4 in Fighting
  2175 | D:3      | Found an ornate altar of the Wu Jian Council.
  2599 | D:3      | Found a sparkling altar of Nemelex Xobeh.
  2599 | D:3      | Found a transporter.
  2599 | D:3      | Noticed a sky beast
  2600 | D:3      | Noticed an orc warrior
  2798 | D:3      | Found a snail-covered altar of Cheibriados.
  3146 | D:4      | Noticed a phantom
  3156 | D:4      | Killed a phantom
  3157 | D:4      | Reached XP level 5. HP: 34/34 MP: 5/5
  3163 | D:4      | Found a glowing drain.
  3224 | D:4      | Reached skill level 1 in Evocations
  3233 | Sewer    | Entered a sewer
  3244 | Sewer    | Reached *** piety under Trog
  3463 | Sewer    | Noticed a water moccasin
  3484 | Sewer    | Killed a water moccasin
  3485 | Sewer    | Reached skill level 1 in Axes
  3485 | Sewer    | Reached XP level 6. HP: 39/39 MP: 4/6
  3987 | D:5      | Entered Level 5 of the Dungeon
  3999 | D:5      | Noticed a necrophage
  4011 | D:5      | Killed a necrophage
  4012 | D:5      | Reached skill level 5 in Fighting
  4012 | D:5      | Reached XP level 7. HP: 41/44 MP: 5/7
  4414 | D:5      | Reached skill level 5 in Maces & Flails
  4494 | D:5      | Found a stormy altar of Qazlal.
  4512 | D:5      | Reached XP level 8. HP: 47/51 MP: 8/8
  4635 | D:5      | Found a staircase to the Ecumenical Temple.
  5081 | D:6      | Reached skill level 6 in Fighting
  5404 | D:6      | Found a hazy altar of Hepliaklqana.
  5463 | D:6      | Found a hide-covered altar of Uskayaw.
  5498 | D:6      | HP: 1/52 [vampire mosquito (4)]
  5501 | D:6      | Slain by a vampire mosquito

Illustrated notes

Levels and vault maps discovered:
D:1:      pf_arrival_petrified_forest, layout_loops_ring
D:2:      layout_basic
D:3:      layout_loops_corners, mainiacjoe_overflow_24_doors,
          general_overflow_altar, grunt_nemelex_the_gamble, minmay_misc_feat_x,
          chequers_serial_rivers_room_b
D:4:      layout_cave_pools, gup_sewer_entry_glass, due_unseen_surprise
D:5:      layout_loops_ring, mainiacjoe_overflow_cross_hatched,
          temple_fountains, skrybe_limestone_x, kennysheep_windowed_goal
D:6:      layout_basic, kennysheep_mini_moat,
          nicolae_uskayaw_murder_on_the_dancefloor

Skill      XL: |  1  2  3  4  5  6  7  8 |
---------------+-------------------------+-----
Dodging        | 2 3 4 |  4.4
Fighting       | 4 5 6 |  6.5
Armour         | 3 4 |  4.5
Evocations     | 1 2 |  2.7
Axes           | 1 2 |  2.7
Maces & Flails | 4 5 |  5.8

Action                   |  1- 3 |  4- 6 |  7- 9 || total
-------------------------+-------+-------+-------++-------
Melee: Mace              |   109 |       |       ||   109
       Morningstar       |       |   153 |   135 ||   288
Invok: Trog's Hand       |       |     1 |     1 ||     2
       Berserk           |       |       |     2 ||     2
Armor: Animal skin       |    33 |       |       ||    33
       Scale mail        |    14 |    93 |     6 ||   113
       Leather armour    |     1 |       |       ||     1
       Plate armour      |       |       |   130 ||   130
Dodge: Dodged            |    68 |   111 |    87 ||   266
